 Dungeon Crawl Stone Soup version 0.31-a0-233-g139696dc86 (webtiles) character file.

Game seed: 12166233610614615263

112 qw the Shooter (level 4, 0/37 HPs)
             Began as a Minotaur Hexslinger on July 8, 2023.
             Killed from afar by an orc wizard (6 damage)
             ... with a magic dart
             ... on level 3 of the Dungeon.
             The game lasted 00:00:46 (1865 turns).

qw the Shooter (Minotaur Hexslinger)                Turns: 1865, Time: 00:00:47

Health: 0/37       AC:  3    Str: 18    XL:     4   Next: 64%
Magic:  4/4        EV: 12    Int: 10    God:
Gold:   137        SH:  5    Dex: 15    Spells: 4/5 levels left

rFire   . . .        Y - +1 sling
rCold   . . .        (no shield)
rNeg    . . .        c - +0 robe
rPois   .            (helmet restricted)
rElec   .            (no cloak)
rCorr   .            d - +0 pair of gloves
SInv    .            (no boots)
Will    .....        e - amulet of reflection
Stlth   +            h - +6 ring of strength
HPRegen 0.26/turn    (no ring)
MPRegen 0.09/turn

%: reflection
@: no status effects
A: horns 2, retaliatory headbutt
a: no special abilities


You were on level 3 of the Dungeon.
You visited 1 branch of the dungeon, and saw 3 of its levels.

You collected 137 gold pieces.


Innate Abilities, Weirdness & Mutations

You have a pair of horns on your head.
You reflexively headbutt those who attack you in melee.


   Skills:
 + Level 2.4 Fighting
 - Level 5.0 Ranged Weapons
 - Level 2.1 Dodging
 - Level 1.0 Spellcasting
 - Level 2.0 Hexes


You had 4 spell levels left.
You knew the following spells:

 Your Spells              Type           Power      Damage    Failure   Level
a - Slow                  Hex            16%        N/A       16%         1

Your spell library contained the following spells:

 Spells                   Type           Power      Damage    Failure   Level
 Inner Flame              Hex/Fire       2%         N/A       56%         3
 Portal Projectile        Hex/Tloc       4%         N/A       56%         3
 Cause Fear               Hex            2%         N/A       83%         4

Inventory:

Hand Weapons
 Y - a +1 sling (weapon)
Armour
 a - a +0 leather armour
 c - a +0 robe (worn)
 d - a +0 pair of gloves (worn)
Jewellery
 e - an amulet of reflection (around neck)
 h - a +6 ring of strength (left hand)
Scrolls
 g - a scroll of identify
Potions
 b - a potion of mutation {unknown}
 f - a potion of curing {unknown}
 i - a potion of enlightenment {unknown}

Dungeon Overview and Level Annotations

Branches:
Dungeon (3/15)

Altars:


Message History

The sling bullet closely misses the orc wizard.
The orc wizard hits you but does no damage.
You shoot a sling bullet.
The sling bullet hits the orc wizard but does no damage.
The orc wizard is moderately wounded.
The orc wizard misses you.
The orc wizard hits you with a +0 dagger.
Something hits you but does no damage.
You shoot a sling bullet.
The sling bullet hits the orc wizard but does no damage.
The orc wizard is moderately wounded.
The orc wizard hits you with a +0 dagger.
You hear some strange, mumbled words.
You are confused.
The orc wizard points at you and mumbles some strange words.
The magic dart hits you.
You hear some strange, mumbled words.
Something tries to affect you, but you resist.
The orc wizard mumbles some strange words.
The orc wizard flickers and vanishes!
You hear some strange, mumbled words.
A puff of flame appears from out of thin air!
The puff of flame hits you.
You shoot a sling bullet. Something hits you but does no damage.
You hear some strange, mumbled words.
Something tries to affect you, but you resist.
You shoot a sling bullet. Something hits you but does no damage.
Something hits you.
You shoot a sling bullet.
You feel less confused. Something hits you but does no damage.
You hear some strange, mumbled words.
A magic dart appears from out of thin air!
The magic dart hits you.
You shoot a sling bullet.
You hear some strange, mumbled words.
A magic dart appears from out of thin air!
The magic dart hits you.
You die...

#. ###.....# #.#
.......#
#..######.....#
...##............#
.......<####.....#
...####..###.....#
##........[#
.(.####{.....#
.[.)..{@.%..)#
...####......#
#......# ########


There were no monsters in sight!

Vanquished Creatures
  A gnoll (D:2)
  4 adders (D:2)
  A worm (D:2)
  A dart slug (D:2)
  An orc (D:3)
  7 bats
  8 endoplasms
  4 giant cockroaches (D:1)
  5 goblins
  4 hobgoblins
  2 jackals (D:2)
  7 kobolds
  2 quokkas
  4 ball pythons
  3 frilled lizards
  3 rats
57 creatures vanquished.

Notes
Turn   | Place    | Note
-------+----------+-------------------------------------------
     0 | D:1      | qw the Minotaur Hexslinger began the quest for the Orb.
     0 | D:1      | Reached XP level 1. HP: 16/16 MP: 1/1
     0 | D:1      | 0 ||| qw: Version: 0.3-a-46-gb1f654a
     0 | D:1      | 0 ||| qw: Game counter: 3633
     0 | D:1      | 0 ||| qw: Melee chars always use a shield: true
     0 | D:1      | 0 ||| qw: God list: Okawaru
     0 | D:1      | 0 ||| qw: Allow faded altars: false
     0 | D:1      | 0 ||| qw: Do Orc after clearing Dungeon:15 true
     0 | D:1      | 0 ||| qw: Do second Lair branch before Depths: true
     0 | D:1      | 0 ||| qw: Lair rune preference: random
     0 | D:1      | 0 ||| qw: Goals: Normal
     0 | D:1      | 0 ||| PLANNING D:1-11
     4 | D:1      | 4 ||| DROPPING scroll of poison.
    54 | D:1      | Reached skill level 3 in Ranged Weapons
    54 | D:1      | 54 ||| FLEEEEING.
    55 | D:1      | 55 ||| FLEEEEING.
    56 | D:1      | 56 ||| FLEEEEING.
    57 | D:1      | 57 ||| FLEEEEING.
    58 | D:1      | 58 ||| FLEEEEING.
    59 | D:1      | 59 ||| FLEEEEING.
    60 | D:1      | 60 ||| FLEEEEING.
    61 | D:1      | 61 ||| FLEEEEING.
    62 | D:1      | 62 ||| FLEEEEING.
    63 | D:1      | 63 ||| FLEEEEING.
    64 | D:1      | 64 ||| FLEEEEING.
    69 | D:1      | Reached XP level 2. HP: 23/23 MP: 2/2
   370 | D:1      | Reached XP level 3. HP: 29/29 MP: 3/3
   561 | D:1      | 561 ||| UPGRADING to amulet of reflection.
   566 | D:1      | 566 ||| UPGRADING to +6 ring of strength.
   567 | D:1      | 567 ||| READING scroll labelled GULEKIDOIGRA.
   568 | D:1      | 568 ||| READING scroll labelled ZYJUYXT ASUEGH.
   569 | D:1      | 569 ||| READING scroll labelled COIXANL HOTUAW.
   642 | D:2      | Reached skill level 4 in Ranged Weapons
   646 | D:2      | HP: 7/29 [poisoned by an adder]
  1051 | D:2      | Reached XP level 4. HP: 27/36 MP: 4/4
  1396 | D:2      | Reached skill level 5 in Ranged Weapons
  1806 | D:2      | 1806 ||| UPGRADING to +0 pair of gloves.
  1811 | D:2      | 1811 ||| READING scroll labelled UCUKHLYCOPA.
  1838 | D:3      | Identified the orb of Indemnity {mayhem, Will++}
  1864 | D:3      | HP: 5/37 [something/magic dart (6)]
  1865 | D:3      | Killed from afar by an orc wizard

Levels and vault maps discovered:
D:1:      evilmike_arrival_hilbert_curve, layout_rooms, serial_park_tiny_2,
          minivault_24
D:2:      layout_basic, dk_noncrumbling_2, cheibrodos_gnoll_hut
D:3:      layout_rooms, kennysheep_ying_yang, minitemple, lemuel_blue_sif_altar,
          uniq_ijyb, uniq_grinder

Skill      XL: |  1  2  3  4 |
---------------+-------------+-----
Ranged Weapons | 3 4 5 |  5.0
Fighting       | 2 |  2.4
Dodging        | |  2.1
Spellcasting   | |  1.0
Hexes          | |  2.0

Action                     |  1- 3 |  4- 6 || total
---------------------------+-------+-------++-------
   Fire: Sling             |   114 |    65 ||   179
    Use: Scroll            |     3 |     1 ||     4
 Armour: Robe              |     7 |     8 ||    15
  Dodge: Dodged            |    34 |    12 ||    46
  Block: Other             |     4 |     3 ||     7
         Reflection        |     2 |       ||     2

Table legend:
 A = Non-vault XP
 B = Vault XP
 C = Vault XP percentage of total XP
 D = Non-vault monster count
 E = Vault monster count
 F = Vault count percentage of total count
                 A         B        C        D         E       F
            +---------+---------+-------+---------+---------+-------
      Total |     142 |      19 |  11.8 |      54 |       3 |   5.3
            +---------+---------+-------+---------+---------+-------
        D:1 |      50 |       0 |   0.0 |      30 |       0 |   0.0
        D:2 |      85 |      19 |  18.3 |      20 |       3 |  13.0
        D:3 |       7 |       0 |   0.0 |       4 |       0 |   0.0
            +---------+---------+-------+---------+---------+-------
